 Dungeon Crawl Stone Soup version 0.17.0-9-g801d43b (webtiles) character file.

25913 tp1 the Eclecticist (level 12, -14/59 HPs)
             Began as a Deep Elf Conjurer on Nov 9, 2015.
             Was a High Priest of Vehumet.
             Demolished by Agnes
             ... wielding a +0 lajatang
              (27 damage)
             ... on level 14 of the Dungeon.
             The game lasted 01:49:53 (19274 turns).

tp1 the Eclecticist (Deep Elf Conjurer)            Turns: 19274, Time: 01:49:53

Health: -14/59     AC: 13    Str:  5    XL:     12   Next: 93%
Magic:  19/38      EV: 13    Int: 22    God:    Vehumet [*****.]
Gold:   356        SH:  5    Dex: 14    Spells: 9 memorised, 21 levels left

rFire  . . .     SeeInvis +     h - staff of wizardry
rCold  . . .     Clarity  .     F - +1 robe of the Grue {rPois Regen+}
rNeg   . . .     SustAt   .     C - +0 buckler
rPois  +         Gourm    .     I - +0 helmet
rElec  +         Spirit   .     a - +0 cloak
rCorr  .         Warding  .     A - +1 pair of gloves
rMut   .         Stasis   .     R - +0 pair of boots
MR     +++..                    e - amulet of faith
Stlth  ++........               O - ring of protection from magic
                                T - ring of see invisible

@: extremely resistant to hostile enchantments, unstealthy
A: talons 1, icy blue scales 1, rough black scales 1, dopey 2, magic resistance
1, electricity resistance, evolution 1
a: Renounce Religion


You were on level 14 of the Dungeon.
You worshipped Vehumet.
Vehumet was extremely pleased with you.
You were hungry.

You visited 1 branch of the dungeon, and saw 14 of its levels.

You collected 867 gold pieces.
You spent 511 gold pieces at shops.

Inventory:

Armour
 a - a +0 cloak (worn)
 k - a +1 troll leather armour
 A - a +1 pair of gloves (worn)
 C - a +0 buckler (worn)
 F - the +1 robe of the Grue (worn) {rPois Regen+}
   (You found it on level 6 of the Dungeon)

   It protects you from poison.
   It increases your rate of regeneration.
 I - a +0 helmet (worn)
 R - a +0 pair of boots (worn)
Magical Staves
 h - an uncursed staff of wizardry (weapon)
Jewellery
 e - an amulet of faith (around neck)
 s - an uncursed ring of sustain attributes
 O - a ring of protection from magic (right hand)
 T - a ring of see invisible (left hand)
Wands
 y - a wand of slowing (42)
 E - a wand of random effects (28)
 M - a wand of draining (9)
 U - a wand of frost (23)
Scrolls
 g - 4 scrolls of recharging
 q - a scroll of fog
 u - 2 scrolls of identify
 x - 6 scrolls of noise
 z - 2 scrolls of enchant weapon
 B - 4 scrolls of teleportation
 D - a scroll of summoning {unknown}
 J - 3 scrolls of amnesia
 N - 4 scrolls of remove curse
 W - a scroll of magic mapping
Potions
 d - 5 potions of might
 l - a potion of brilliance
 n - 3 potions of ambrosia
 p - 3 potions of haste
 r - 3 potions of degeneration
 t - 2 potions of berserk rage
 v - 6 potions of curing
 G - 3 potions of agility
Books
 b - a book of Conjurations

   Spells                             Type                      Level
   a - Magic Dart                     Conjuration                  1
   b - Searing Ray                    Conjuration                  2
   c - Dazzling Spray                 Conjuration/Hexes            3
   d - Fulminant Prism                Conjuration/Hexes            4
   e - Iskenderun's Mystic Blast      Conjuration                  4
   f - Iskenderun's Battlesphere      Conjuration/Charms           5
 f - a book of Debilitation

   Spells                             Type                      Level
   a - Corona                         Hexes                        1
   b - Slow                           Hexes                        2
   c - Gell's Gravitas                Hexes/Translocation          3
   d - Inner Flame                    Hexes/Fire                   3
   e - Cause Fear                     Hexes                        4
   f - Leda's Liquefaction            Hexes/Earth                  4
 j - the Compendium of the Birds
   (You found it on level 11 of the Dungeon)

   Spells                             Type                      Level
   a - Repel Missiles                 Charms/Air                   2
   b - Conjure Ball Lightning         Conjuration/Air              6
   c - Freezing Cloud                 Conjuration/Ice/Air          6
 m - a book of the Earth

   Spells                             Type                      Level
   a - Leda's Liquefaction            Hexes/Earth                  4
   b - Bolt of Magma                  Conjuration/Fire/Earth       5
   c - Statue Form                    Transmutation/Earth          6
   d - Iron Shot                      Conjuration/Earth            6
   e - Shatter                        Earth                        9
 w - a book of Battle

   Spells                             Type                      Level
   a - Infusion                       Charms                       1
   b - Shroud of Golubria             Charms/Translocation         2
   c - Song of Slaying                Charms                       2
   d - Spectral Weapon                Hexes/Charms                 3
   e - Regeneration                   Charms/Necromancy            3
 H - a Young Poisoner's Handbook

   Spells                             Type                      Level
   a - Sting                          Conjuration/Poison           1
   b - Cure Poison                    Poison                       2
   c - Mephitic Cloud                 Conjuration/Poison/Air       3
   d - Olgreb's Toxic Radiance        Poison                       4
   e - Venom Bolt                     Conjuration/Poison           5
 X - a book of Geomancy

   Spells                             Type                      Level
   a - Sandblast                      Earth                        1
   b - Stoneskin                      Transmutation/Earth          2
   c - Passwall                       Transmutation/Earth          3
   d - Stone Arrow                    Conjuration/Earth            3
   e - Petrify                        Transmutation/Earth          4
   f - Lee's Rapid Deconstruction     Earth                        5
Miscellaneous
 o - a fan of gales
 Z - a lamp of fire
Comestibles
 c - 15 bread rations
 i - 7 meat rations
 K - a slice of pizza
 L - 8 chunks of flesh


   Skills:
 - Level 2.4 Dodging
 - Level 2.4 Stealth
 - Level 5.5 Shields
 - Level 20.0 Spellcasting
 - Level 6.0 Conjurations
 - Level 6.3 Charms
 - Level 11.0 Fire Magic
 + Level 3.0 Air Magic
 - Level 3.3 Earth Magic


You had 21 spell levels left.
You knew the following spells:

 Your Spells              Type           Power        Failure   Level  Hunger
a - Magic Dart            Conj           ####         1%          1    None
b - Conjure Flame         Conj/Fire      ######..     1%          3    None
c - Inner Flame           Hex/Fire       #####...     1%          3    None
d - Iskenderun's Battles  Conj/Chrm      #####...     1%          5    None
e - Shroud of Golubria    Chrm/Tloc      #####.....   1%          2    None
f - Stone Arrow           Conj/Erth      #####.       1%          3    None
g - Searing Ray           Conj           #####.       1%          2    None
h - Bolt of Magma         Conj/Fire/Erth ######....   1%          5    None
i - Conjure Ball Lightni  Conj/Air       #####.....   8%          6    ###....


Dungeon Overview and Level Annotations

Branches:
Dungeon (14/15)            Temple (0/1) D:6            Lair (0/8) D:9
    Orc (0/4) D:9
 Vaults: D:13-14

Altars:
Ashenzari
Cheibriados
Dithmenos
Elyvilon
Gozag
Kikubaaqudgha
Makhleb
Nemelex Xobeh
Okawaru
Ru
Sif Muna
Trog
Vehumet
Xom
Yredelemnul
Zin
The Shining One

Shops:
D:5 [*?:   D:10 ?

Annotations:
D:14 Agnes


Innate Abilities, Weirdness & Mutations

You have sharp toenails.
You are partially covered in icy blue scales (AC +1).
You are partially covered in rough black scales (AC +4, Dex -1).
You are very dopey. (Int -4)
You are resistant to hostile enchantments.
You are resistant to electric shocks.
You evolve.


Message History

The blast of lightning engulfs you! You resist.
The blast of lightning engulfs Agnes.
Agnes is severely wounded.
You hear a shout! x3
Casting: Conjure Ball Lightning
Confirm with . or Enter, or press ? or * to list all spells.
Aiming: Bolt of Magma
Press: ? - help, Shift-Dir - straight line, f - Agnes
Aim: Agnes, wielding a lajatang and wearing a robe (severely wounded, unusually strong)
The bolt of magma misses Agnes.
Agnes hits you with a lajatang!!!
Ouch! That really hurt!
* * * LOW HITPOINT WARNING * * *
Drink which item? (? for menu, Esc to quit)
Okay, then.
Read which item? (? for menu, Esc to quit)
Okay, then.
Casting: Bolt of Magma
Confirm with . or Enter, or press ? or * to list all spells.
You create some ball lightning!
Agnes hits you with a lajatang!!
You die...

#.# #...### ## ##.#
#.### #..# ##'######
#[## #<.......#
####'########........#
#.........#.+........#
#.#####*#*'.#........+
# ..#*#.###........#
#.#@#^# #........#
#.#i#.# #........#
#.#§#.# ####+####
#(§.#.# #.##### #...#
#...... ..........
###....iJ.J


You could see Agnes and 2 friendly ball lightnings.

Vanquished Creatures
  A hydra (D:11)
  A centaur warrior (D:12)
  Nergalle (D:12)
  2 unseen horrors
  A flayed ghost (D:11)
  3 hill giants
  The ghost of 4thArraOfDagon the Cleaver, a novice VSBe of Trog (D:8)
  5 ugly things
  2 cyclopes
  A manticore (shapeshifter) (D:13)
  4 centaur zombies
  An ice statue (D:12)
  2 gargoyles
  2 komodo dragons
  A two-headed ogre (D:11)
  2 trolls
  12 slime creatures
  Prince Ribbit (D:7)
  A trapdoor spider zombie (D:13)
  A trapdoor spider (D:11)
  7 deep elf magi
  2 shadows
  A spriggan (D:9)
  4 wraiths
  A wyvern (D:11)
  12 yaks
  2 hungry ghosts (D:12)
  4 hippogriffs
  A mottled dragon (D:14)
  4 porcupines (D:9)
  2 water moccasins
  4 black bears
  2 wasps
  2 ice beasts
  5 orc warriors
  A sky beast (D:5)
  3 ogres
  3 crocodiles
  3 centaurs
  11 giant frogs
  A gnoll sergeant (D:9)
  4 big kobolds
  A wyvern zombie (D:11)
  A water moccasin skeleton (D:4)
  4 scorpions
  A killer bee (D:11)
  A quasit (D:11)
  7 crimson imps
  3 giant frog zombies
  3 hounds
  4 giant frog skeletons
  5 orc priests
  4 jellies
  10 worker ants
  3 centaur skeletons
  7 iguanas
  A killer bee zombie (D:6)
  10 orc wizards
  2 hound skeletons
  19 adders
  8 gnolls (D:9)
  2 worker ant zombies (D:11)
  4 river rats (D:9)
  7 shadow imps
  A white imp (D:6)
  3 oozes
  4 adder skeletons
  An adder zombie (D:7)
  4 worms
  5 giant geckos
  36 orcs
  10 bats
  6 giant cockroaches
  3 goblins
  6 hobgoblins
  11 jackals
  A ball python skeleton (D:4)
  A giant gecko skeleton (D:7)
  A giant gecko zombie (D:8)
  7 giant newts
  A goblin skeleton (D:6)
  A hobgoblin zombie (D:6)
  22 kobolds
  2 orc skeletons (D:6)
  2 orc zombies (D:6)
  6 quokkas
  3 quokka zombies
  4 rats
372 creatures vanquished.

Vanquished Creatures (others)
  4 ball lightnings
  2 fungi (D:9)
  A plant (D:9)
7 creatures vanquished.

Grand Total: 379 creatures vanquished

Notes
Turn   | Place    | Note
--------------------------------------------------------------
     0 | D:1      | tp1 the Deep Elf Conjurer began the quest for the Orb.
     0 | D:1      | Reached XP level 1. HP: 10/10 MP: 6/6
   337 | D:1      | Reached XP level 2. HP: 15/15 MP: 1/8
   341 | D:1      | Learned a level 2 spell: Searing Ray
  1625 | D:2      | Found a shadowy altar of Dithmenos.
  1634 | D:2      | Reached skill level 5 in Spellcasting
  1634 | D:2      | Reached XP level 3. HP: 19/19 MP: 5/11
  2457 | D:2      | Found a shadowy altar of Dithmenos.
  2876 | D:3      | Found a white marble altar of Elyvilon.
  2891 | D:3      | Reached skill level 5 in Conjurations
  2919 | D:3      | Reached XP level 4. HP: 24/24 MP: 1/13
  3782 | D:3      | Reached skill level 6 in Conjurations
  3891 | D:3      | Found a white marble altar of Elyvilon.
  4356 | D:4      | Reached XP level 5. HP: 28/28 MP: 9/14
  4363 | D:4      | Learned a level 5 spell: Iskenderun's Battlesphere
  4375 | D:4      | Found a basalt altar of Yredelemnul.
  4433 | D:4      | Found a bloodstained altar of Trog.
  4435 | D:4      | Found a radiant altar of Vehumet.
  4437 | D:4      | Found an ancient bone altar of Kikubaaqudgha.
  4442 | D:4      | Became a worshipper of Vehumet
  4949 | D:4      | Reached XP level 6. HP: 21/32 MP: 4/15
  5296 | D:4      | Reached skill level 5 in Charms
  5718 | D:4      | Found a basalt altar of Yredelemnul.
  5720 | D:4      | Found an ancient bone altar of Kikubaaqudgha.
  5721 | D:4      | Found a bloodstained altar of Trog.
  5721 | D:4      | Found a radiant altar of Vehumet.
  6305 | D:5      | Entered Level 5 of the Dungeon
  6369 | D:5      | Found Etoefig's General Store.
  6387 | D:5      | Bought a potion of curing for 42 gold pieces
  6387 | D:5      | Bought a scroll of teleportation for 42 gold pieces
  6418 | D:5      | Found a sparkling altar of Nemelex Xobeh.
  6427 | D:5      | Found a shimmering altar of Xom.
  6713 | D:5      | Reached XP level 7. HP: 14/36 MP: 8/19
  6728 | D:5      | Reached skill level 7 in Spellcasting
  6898 | D:5      | Reached * piety under Vehumet
  6898 | D:5      | Offered knowledge of Sting by Vehumet.
  6903 | D:5      | Learned a level 3 spell: Inner Flame
  6948 | D:5      | Found Rib Jank's Antique Armour Shoppe.
  6967 | D:5      | Bought a buckler for 85 gold pieces
  7273 | D:5      | Reached skill level 8 in Spellcasting
  7426 | D:5      | Found Bankan's Book Boutique.
  7465 | D:5      | Found Witosurgh's Magic Scroll Emporium.
  7605 | D:6      | Found a glowing golden altar of the Shining One.
  7662 | D:5      | Bought a scroll of remove curse for 39 gold pieces
  7715 | D:6      | Got a twisted robe
  7726 | D:6      | Identified the +1 robe of the Grue {rPois Regen+} (You found it on level 6 of the Dungeon)
  7834 | D:6      | Reached skill level 9 in Spellcasting
  7924 | D:6      | Reached skill level 10 in Spellcasting
  7924 | D:6      | Reached XP level 8. HP: 41/41 MP: 12/24
  8007 | D:6      | Reached skill level 1 in Shields
  8039 | D:6      | Found a staircase to the Ecumenical Temple.
  8145 | D:6      | Found an opulent altar of Gozag.
  8189 | D:6      | Found a sacrificial altar of Ru.
  8489 | D:6      | Found a glowing golden altar of the Shining One.
  8527 | D:6      | Found a staircase to the Ecumenical Temple.
  8709 | D:6      | Found a sacrificial altar of Ru.
  8726 | D:7      | Found a deep blue altar of Sif Muna.
  8935 | D:7      | Reached ** piety under Vehumet
  8960 | D:7      | Offered knowledge of Throw Flame by Vehumet.
  9216 | D:7      | Found a shimmering altar of Xom.
  9276 | D:7      | Noticed Prince Ribbit
  9281 | D:7      | Killed Prince Ribbit
  9281 | D:7      | Reached skill level 5 in Shields
  9306 | D:7      | Found a shattered altar of Ashenzari.
  9374 | D:7      | Reached skill level 1 in Fire Magic
  9374 | D:7      | Reached XP level 9. HP: 45/45 MP: 5/25
  9650 | D:7      | Found an iron altar of Okawaru.
  9787 | D:7      | Found a burning altar of Makhleb.
  9849 | D:7      | Found a shattered altar of Ashenzari.
  9922 | D:7      | Found an iron altar of Okawaru.
  9980 | D:7      | Found a deep blue altar of Sif Muna.
 10074 | D:7      | Found a shimmering altar of Xom.
 10249 | D:8      | Noticed 4thArraOfDagon's ghost (novice VSBe)
 10260 | D:8      | Killed 4thArraOfDagon's ghost
 10260 | D:8      | Reached skill level 5 in Fire Magic
 10858 | D:8      | Offered knowledge of Stone Arrow by Vehumet.
 10862 | D:8      | Learned a level 2 spell: Shroud of Golubria
 11623 | D:9      | Found a staircase to the Lair.
 11632 | D:9      | Reached *** piety under Vehumet
 11757 | D:8      | Reached XP level 10. HP: 41/50 MP: 4/26
 12020 | D:9      | Learned a level 3 spell: Stone Arrow
 12105 | D:9      | Offered knowledge of Conjure Flame by Vehumet.
 12112 | D:9      | Learned a level 3 spell: Conjure Flame
 12142 | D:9      | Reached skill level 10 in Fire Magic
 12463 | D:9      | Found a glowing silver altar of Zin.
 12465 | D:9      | Found Zin's Purification Station.
 12470 | D:9      | Bought a potion of curing for 90 gold pieces
 12569 | D:9      | Reached skill level 11 in Fire Magic
 12637 | D:9      | Found a staircase to the Orcish Mines.
 12758 | D:9      | Found a staircase to the Lair.
 12842 | D:9      | Found a staircase to the Orcish Mines.
 12929 | D:9      | Found a glowing silver altar of Zin.
 12996 | D:10     | Entered Level 10 of the Dungeon
 13006 | D:10     | Noticed an unseen horror
 13011 | D:10     | Killed an unseen horror
 13039 | D:10     | Reached **** piety under Vehumet
 13122 | D:10     | Found Zisyesef's Magic Scroll Shop.
 13133 | D:10     | Bought a scroll of enchant armour for 97 gold pieces
 13133 | D:10     | Bought a scroll of magic mapping for 45 gold pieces
 13133 | D:10     | Bought a scroll of amnesia for 45 gold pieces
 13133 | D:10     | Bought a scroll of identify for 26 gold pieces
 13560 | D:10     | Noticed a hill giant
 13569 | D:10     | Killed a hill giant
 13569 | D:10     | Reached skill level 12 in Spellcasting
 13884 | D:10     | Learned a level 5 spell: Bolt of Magma
 13976 | D:11     | Noticed an unseen horror
 13979 | D:11     | Killed an unseen horror
 13979 | D:11     | Offered knowledge of Olgreb's Toxic Radiance by Vehumet.
 13987 | D:11     | Reached skill level 13 in Spellcasting
 14011 | D:11     | Reached XP level 11. HP: 54/54 MP: 11/30
 14176 | D:11     | Noticed a brown ugly thing
 14184 | D:11     | Killed a brown ugly thing
 14194 | D:11     | Gained mutation: You are dopey. (Int -2) [mutagenic meat]
 14195 | D:11     | Gained mutation: You are very dopey. (Int -4) [mutagenic meat]
 14226 | D:11     | Found a glowing golden altar of the Shining One.
 14228 | D:11     | Noticed a flayed ghost
 14240 | D:11     | Killed a flayed ghost
 14240 | D:11     | Reached skill level 14 in Spellcasting
 14374 | D:11     | Noticed a six-headed hydra
 14543 | D:11     | Killed a six-headed hydra
 14543 | D:11     | Reached skill level 15 in Spellcasting
 14559 | D:11     | Identified the Compendium of the Birds
 15212 | D:11     | Noticed a green ugly thing
 15216 | D:11     | Killed a green ugly thing
 15216 | D:11     | Reached skill level 16 in Spellcasting
 15299 | D:11     | Gained mutation: You are resistant to hostile enchantments. [mutagenic meat]
 15795 | D:11     | Reached ***** piety under Vehumet
 15883 | D:11     | Identified a scroll of acquirement
 16041 | D:11     | Offered knowledge of Ozocubu's Refrigeration by Vehumet.
 16050 | D:11     | Reached skill level 17 in Spellcasting
 16342 | D:11     | Gained mutation: You are resistant to electric shocks. [potion of mutation]
 16342 | D:11     | Gained mutation: You are weak. (Str -2) [potion of mutation]
 16419 | D:11     | Noticed a hill giant
 16425 | D:11     | Killed a hill giant
 16512 | D:12     | Reached XP level 12. HP: 59/59 MP: 24/35
 16571 | D:12     | Noticed a centaur warrior
 16575 | D:12     | Killed a centaur warrior
 16879 | D:12     | Noticed a hill giant
 16882 | D:12     | Killed a hill giant
 16882 | D:12     | Reached skill level 18 in Spellcasting
 16975 | D:12     | Gained mutation: You have sharp toenails. [mutagenic meat]
 17312 | D:12     | Noticed Nergalle
 17318 | D:12     | Killed Nergalle
 17697 | D:12     | Lost mutation: You are weak. (Str -2) [potion of mutation]
 17697 | D:12     | Gained mutation: You are partially covered in icy blue scales (AC +1). [potion of mutation]
 17796 | D:13     | Reached skill level 19 in Spellcasting
 17953 | D:13     | Gained mutation: Scrolls take you a little longer to read. [mutagenic meat]
 17955 | D:13     | Gained mutation: You evolve. [mutagenic meat]
 18059 | D:13     | Gained mutation: You are partially covered in rough black scales (AC +4, Dex -1). [mutagenic meat]
 18232 | D:13     | Found a snail-covered altar of Cheibriados.
 18244 | D:13     | Offered knowledge of Airstrike by Vehumet.
 18447 | D:13     | Reached skill level 20 in Spellcasting
 18457 | D:13     | Reached skill level 1 in Earth Magic
 18864 | D:13     | Learned a level 6 spell: Conjure Ball Lightning
 18875 | D:13     | Reached skill level 1 in Air Magic
 19028 | D:13     | Lost mutation: Scrolls take you a little longer to read. [evolution]
 19267 | D:14     | Noticed Agnes
 19274 | D:14     | Demolished by Agnes

Action                   |  1- 3 |  4- 6 |  7- 9 | 10-12 || total
-------------------------+-------+-------+-------+-------++-------
Melee: Dagger            |       |     5 |     1 |       ||     6
       War axe           |       |       |     3 |     8 ||    11
 Cast: Magic Dart        |    63 |    85 |   149 |   318 ||   615
       Searing Ray       |     2 |    23 |    22 |    19 ||    66
       Iskenderun's Batt |       |     1 |    39 |    94 ||   134
       Conjure Flame     |       |       |       |    21 ||    21
       Stone Arrow       |       |       |       |    14 ||    14
       Inner Flame       |       |       |       |     2 ||     2
       Bolt of Magma     |       |       |       |    75 ||    75
       Conjure Ball Ligh |       |       |       |     3 ||     3
       Shroud of Golubri |       |       |       |     3 ||     3
Evoke: Wand              |       |       |       |     2 ||     2
  Use: Scroll            |       |     6 |     2 |    16 ||    24
       Potion            |       |       |       |     9 ||     9
  Eat: Chunk             |     5 |    10 |    17 |    42 ||    74
       Fruit             |       |     2 |     1 |       ||     3
       Beef jerky        |       |       |     2 |       ||     2
       Pizza             |       |       |     1 |     2 ||     3
